 Dungeon Crawl Stone Soup version 0.10.2-40-g36e0077 character file.

7631 castled the Grappler (level 10, -24/98 HPs)
             Began as a Troll Berserker on July 26, 2012.
             Was the Champion of Trog.
             Annihilated by a hill giant
             ... wielding a +0,+0 giant club
              (40 damage)
             ... on Level 11 of the Dungeon.
             The game lasted 02:04:52 (8826 turns).

castled the Grappler (Troll Berserker)              Turns: 8826, Time: 02:04:52

HP -24/98        AC  8     Str 32      XL: 10   Next: 75%
MP   3/3         EV 12     Int  3      God: Trog [******]
Gold 482         SH  0     Dex  9      Spells:  0 memorised,  9 levels left

Res.Fire  : . . .   See Invis. : .     - Unarmed
Res.Cold  : . . .   Warding    : . . b - -1 animal skin
Life Prot.: . . .   Conserve   : .   (shield restricted)
Res.Acid. : . . .   Res.Corr.  : .   (helmet restricted)
Res.Poison: .       Clarity    : .   (no cloak)
Res.Elec. : .       Spirit.Shd : .   (gloves unavailable)
Sust.Abil.: . .     Stasis     : .   (boots unavailable)
Res.Mut.  : .       Ctrl.Telep.: .   s - amulet of controlled flight
Res.Rott. : .       Levitation : .   u - cursed ring of protection from magic
Gourmand  : +       Ctrl.Flight: +   w - ring of Vanity {+Rage AC+4 Str+2 Dam+4}

@: quite resistant to hostile enchantments, very unstealthy
A: unfitting armour, claws 3, fast metabolism 3, gourmand, regeneration 2,
saprovore 2, tough skin 2, AC +1
a: Burn Spellbooks, Berserk, Trog's Hand, Brothers in Arms, Renounce Religion,
Evoke Berserk Rage


You were on level 11 of the Dungeon.
You worshipped Trog.
Trog was exalted by your worship.
You were not hungry.

You visited 1 branch of the dungeon, and saw 11 of its levels.

You collected 462 gold pieces.

Inventory:

Hand weapons
 U - a +1,+3 crossbow of evasion {god gift}
Missiles
 O - 5 curare-tipped +0 needles
 X - 5 +0 arrows (quivered)
Armour
 b - a -1 animal skin (worn)
Magical devices
 t - a wand of frost (9)
 v - a wand of fire (10)
 J - a wand of fire (11)
 K - a wand of magic darts (21) {unknown}
Comestibles
 a - 4 meat rations
 f - 5 bread rations
 g - an orange
 l - a slice of pizza
 p - a lychee
 F - 15 apples
 G - a rambutan
 I - a pear
 L - 9 lemons
 P - a choko
 Q - 2 rotting chunks of orc flesh
 T - 16 strawberries
 V - a chunk of orc flesh
Scrolls
 i - 5 scrolls of magic mapping
 j - a scroll of recharging
 m - 4 scrolls of detect curse
 n - 5 scrolls of blinking
 o - a scroll of enchant weapon I {unknown}
 x - 2 scrolls of enchant armour
 y - 2 scrolls of curse armour
 A - a scroll of fog
 B - a scroll of teleportation
 D - 2 scrolls of enchant weapon II
 H - 3 scrolls of remove curse
 M - a scroll of amnesia {unknown}
 S - a scroll of fear
Jewellery
 c - a +3 ring of strength
 q - a +1 ring of protection
 r - an uncursed ring of see invisible
 s - an amulet of controlled flight (around neck)
 u - a cursed ring of protection from magic (right claw)
 w - the ring of Vanity (left claw) {+Rage AC+4 Str+2 Dam+4}
   (You found it on level 5 of the Dungeon)

   [ring of protection]

   It affects your AC (+4).
   It affects your strength (+2).
   It affects your damage-dealing abilities (+4).
   It lets you go berserk.
 z - an uncursed amulet of stasis
 C - an uncursed ring of life protection
 R - a cursed ring of hunger {unknown}
 W - an uncursed ring of life protection
Potions
 d - a potion of restore abilities {unknown}
 e - a potion of confusion
 h - a potion of speed {unknown}
 k - 11 potions of curing
 E - 2 potions of slowing
 N - a potion of brilliance


   Skills:
 * Level 7,1 Fighting
 + Level 0,7 Armour
 + Level 7,7 Dodging
 - Level 0,1 Stealth
 + Level 1,0 Stabbing
 + Level 1,0 Traps & Doors
 * Level 11,9 Unarmed Combat


You had 9 spell levels left.
You didn't know any spells.

Dungeon Overview and Level Annotations

Branches:
Dungeon (11/27)            Temple (0/1) D:7             Orc (0/4) D:11
   Lair: D:8-13

Altars:
Kikubaaqudgha
Okawaru
The Shining One
Trog
Xom

Shops:
D:9: !

Portals:
Glowing drain: D:6


Innate Abilities, Weirdness & Mutations

You are too large for most types of armour.
You have claws for hands.
Your metabolism is lightning-fast.
You like to eat raw meat.
You heal very quickly.
You can eat rotten meat.
You are covered in fur (AC +1).
You have very tough skin (AC +2).


Message History

[Y]es or [N]o only, please.
Really walk into that axe trap? [Y]es or [N]o only, please.
Really walk into that axe trap? [Y]es or [N]o only, please.
Really walk into that axe trap? [Y]es or [N]o only, please.
Really walk into that axe trap? [Y]es or [N]o only, please.
Really walk into that axe trap?
Okay, then.
Things that are here:
an orcish hammer; an orcish leather armour A hill giant comes into view.
It is wielding a giant club.
The hill giant shouts!
The hill giant hits you with a giant club!
The hill giant hits you with a giant club!
* * * LOW HITPOINT WARNING * * *
The hill giant hits you with a giant club!
You die...

.......# #........#
.......#############........#
....B....^..................#
#.##################........#
#.############## ######.###
.........).....# #.#
#.##.#########.#######
#.#####
#...)..#######.....<.#
#.....#
..............%.@....#
#.....#
.......#######..C....#
#.....# #.##.### #.......#
#.....# #.##.# #>......#
#.....# #.##.#### #.......#
#.%#### #.##....# #.......#
#))# #.##....# #.......#
#.)## . #....# #.#######
#...# #...># #.# #...#


You could see a hill giant.

Vanquished Creatures
  A spiny worm (D:9)
  Prince Ribbit (D:4)
  A deep dwarf artificer (D:9)
  A troll (D:9)
  Eustachio (D:4)
  2 hippogriffs
  2 wyverns
  A manticore (D:11)
  Menkaure (D:6)
  11 orc warriors
  2 centaurs
  A sky beast (D:11)
  2 black bears (D:9)
  A yellow wasp (D:11)
  2 ice beasts
  A naga (shapeshifter) (D:9)
  5 ogres
  2 phantoms
  Sigmund (D:2)
  Duvessa (D:6)
  A basilisk zombie (D:9)
  Blork the orc (D:4)
  3 giant frogs
  A basilisk skeleton (D:11)
  A gnoll sergeant (D:10)
  A killer bee zombie (D:6)
  A big kobold zombie (D:10)
  3 hounds
  3 shadows
  Dowan (D:6)
  2 goliath beetles
  4 crimson imps
  A gnoll shaman (D:6)
  7 orc priests
  2 iguanas
  2 scorpions
  6 worker ants
  A worker ant zombie (D:11)
  6 orc wizards
  13 jellies
  A mummy (D:9)
  16 gnolls
  8 adders
  An adder skeleton (D:5)
  An adder zombie (D:7)
  A giant mite (D:8)
  2 iguana skeletons
  6 worms
  A bat skeleton (D:10)
  2 giant eyeballs
  3 giant geckos
  15 oozes (D:7)
  81 orcs
  4 ball pythons
  18 goblins
  2 grey rats (D:6)
  13 hobgoblins
  17 jackals
  7 quokkas
  21 bats
  7 giant cockroaches
  7 giant newts
  19 kobolds
  An orc skeleton (D:9)
  12 rats
  2 ballistomycetes (D:11)
  A fungus (D:7)
  4 toadstools
373 creatures vanquished.

Vanquished Creatures (others)
  An adder (D:5)
  3 orcs (D:11)
  A jackal (D:6)
  A quokka (D:9)
  A giant spore (D:11)
  A goblin zombie (D:1)
  A ballistomycete (D:11)
  2 fungi (D:7)
  9 toadstools
20 creatures vanquished.

Grand Total: 393 creatures vanquished

Notes
Turn   | Place    | Note
--------------------------------------------------------------
     0 | D:1      | castled, the Troll Berserker, began the quest for the Orb.
     0 | D:1      | Reached XP level 1. HP: 23/23 MP: 0/0
    14 | D:1      | Noticed a goblin zombie
   252 | D:1      | Reached XP level 2. HP: 28/31 MP: 0/0
   322 | D:1      | Killed a goblin zombie
   513 | D:1      | Noticed a hobgoblin zombie
   951 | D:2      | Acquired Trog's second power
  1031 | D:2      | Noticed Sigmund
  1040 | D:2      | Killed Sigmund
  1040 | D:2      | Reached skill level 4 in Unarmed Combat
  1040 | D:2      | Reached XP level 3. HP: 39/39 MP: 1/1
  1040 | D:2      | Reached XP level 4. HP: 46/46 MP: 1/1
  2033 | D:3      | Reached XP level 5. HP: 31/54 MP: 1/1
  2491 | D:4      | Noticed Prince Ribbit
  2502 | D:4      | Killed Prince Ribbit
  2502 | D:4      | Reached skill level 5 in Unarmed Combat
  2502 | D:4      | Reached XP level 6. HP: 62/62 MP: 2/2
  2552 | D:4      | Noticed Eustachio
  2560 | D:4      | Found a shimmering altar of Xom.
  2572 | D:4      | Killed Eustachio
  2572 | D:4      | Reached skill level 6 in Unarmed Combat
  2673 | D:4      | Reached XP level 7. HP: 70/70 MP: 2/2
  2872 | D:4      | Noticed Blork the orc
  2887 | D:4      | Killed Blork the orc
  3121 | D:5      | Entered Level 5 of the Dungeon
  3324 | D:5      | Got a brightly glowing steel ring
  3608 | D:6      | Acquired Trog's third power
  3638 | D:6      | Reached skill level 5 in Dodging
  3684 | D:6      | Noticed Duvessa
  3684 | D:6      | Noticed Dowan
  3695 | D:6      | Killed Duvessa
  3695 | D:6      | Reached skill level 7 in Unarmed Combat
  3695 | D:6      | Reached XP level 8. HP: 79/79 MP: 2/2
  3703 | D:6      | Killed Dowan
  4180 | D:6      | Found a glowing golden altar of the Shining One.
  4371 | D:6      | Noticed Menkaure
  4383 | D:6      | Killed Menkaure
  4491 | D:6      | Found a glowing drain.
  4730 | D:7      | Reached skill level 8 in Unarmed Combat
  4808 | D:7      | Noticed a giant amoeba
  4987 | D:7      | Reached skill level 5 in Fighting
  5044 | D:7      | Identified the cursed ring of Vanity (You found it on level 5 of the Dungeon)
  5099 | D:7      | Found a staircase to the Ecumenical Temple.
  5195 | D:7      | Reached XP level 9. HP: 82/87 MP: 3/3
  6088 | D:9      | Reached skill level 9 in Unarmed Combat
  6297 | D:9      | Found an ancient bone altar of Kikubaaqudgha.
  6351 | D:9      | Found a bloodstained altar of Trog.
  6388 | D:9      | Found Kousuam's Distillery.
  6445 | D:9      | Found an iron altar of Okawaru.
  6606 | D:9      | Paralysed by a giant eyeball for 3 turns
  6668 | D:9      | Noticed a spiny worm
  6683 | D:9      | Killed a spiny worm
  6683 | D:9      | Reached skill level 1 in Traps & Doors
  6683 | D:9      | Reached skill level 10 in Unarmed Combat
  6683 | D:9      | Reached XP level 10. HP: 45/97 MP: 3/3
  6865 | D:9      | Reached skill level 1 in Stabbing
  7270 | D:10     | Entered Level 10 of the Dungeon
  7347 | D:10     | Received a gift from Trog
  7347 | D:10     | Reached skill level 11 in Unarmed Combat
  8558 | D:11     | Found a staircase to the Orcish Mines.
  8710 | D:11     | Paralysed by a yellow wasp for 1 turns
  8826 | D:11     | Annihilated by a hill giant
